 Dungeon Crawl Stone Soup version 0.32-a0-913-g739538afd8 (webtiles) character file.

Game seed: 10256600169177882273

832 shadizar the Magician (level 8, 0/52 HPs)
             Began as a Djinni Conjurer on Apr 9, 2024.
             Was an Initiate of Makhleb.
             Shot with an arrow by a centaur (5 damage)
             ... on level 5 of the Dungeon.
             The game lasted 00:04:16 (4245 turns).

shadizar the Magician (Djinni Conjurer)             Turns: 4245, Time: 00:04:16

Health: 0/52       AC:  3    Str:  6    XL:     8   Next: 18%
Gold:   258        EV: 11    Int: 22    God:    Makhleb [......] SH:  0 Dex: 12

rFire   + + .        (no weapon)
rCold   x . .        (no shield)
rNeg    . . .        a - +0 robe
rPois   ∞            (no helmet)
rElec   .            (no cloak)
rCorr   .            e - +0 pair of gloves
SInv    .            (boots unavailable)
Will    .....        (no amulet)
Stlth   ++           (no ring)
HPRegen 0.28/turn    (no ring)

%: infuse magic (-1 HP)
@: flying
A: sickness immunity, fire resistance 2, cold vulnerability 1, float, innate
caster, HP casting, extra vitality 1
a: Renounce Religion


You were on level 5 of the Dungeon.
You worshipped Makhleb.
Makhleb was noncommittal.
You visited 2 branches of the dungeon, and saw 6 of its levels.

You collected 258 gold pieces.

Inventory:

Armour
 a - a +0 robe (worn)
 e - a +0 pair of gloves (worn)
Jewellery
 f - a +4 ring of slaying
 q - a ring of see invisible
Wands
 o - a wand of charming (10)
 w - a wand of iceblast (11)
Scrolls
 b - 2 scrolls of vulnerability {unknown}
 i - a scroll of enchant armour {unknown}
 j - a scroll of fear {unknown}
 k - a scroll of brand weapon {unknown}
 l - a scroll of identify {unknown}
 n - 3 scrolls of blinking {unknown}
 p - 2 scrolls of acquirement {unknown}
 s - a scroll of teleportation {unknown}
 v - a scroll of fog {unknown}
Potions
 c - 6 potions of attraction {unknown}
 d - 2 potions of might {unknown}
 g - 3 potions of curing {unknown}
 h - a potion of magic {unknown}
 m - a potion of enlightenment {unknown}
 r - a potion of lignification {unknown}
 t - 2 potions of resistance {unknown}
 u - a potion of ambrosia {unknown}


   Skills:
 + Level 1.2 Fighting
 + Level 2.7 Dodging
 + Level 2.1 Stealth
 * Level 7.3 Spellcasting
 * Level 7.3 Conjurations
 * Level 7.3 Hexes
   Level 0.0 Charms
 * Level 7.3 Summonings
 * Level 7.3 Necromancy
 * Level 7.3 Translocations
   Level 0.0 Transmutations
 * Level 7.3 Fire Magic
 * Level 7.3 Ice Magic
 * Level 7.3 Air Magic
 * Level 7.3 Earth Magic
 * Level 7.3 Alchemy


You knew the following spells:

 Your Spells              Type           Power      Damage    Failure   Level
a - Magic Dart            Conj           100%       1d8       1%          1
b - Searing Ray           Conj           80%        2d7       1%          2
c - Fulminant Prism       Conj/Alch      20%        3d12      3%          4
d - Iskenderun's Mystic Conj/Tloc 40%            2d9        (+2d5     3%          4
e - Sandblast             Erth           80%        2d17      1%          1
f - Jinxbite              Hex            80%        N/A       1%          2
g - Blink                 Tloc           80%        N/A       1%          2
Your spell library was empty.

Dungeon Overview and Level Annotations

Branches:
Dungeon (5/15)             Temple (1/1) D:4

Altars:
Ashenzari
Cheibriados
Dithmenos
Fedhas
Hepliaklqana
Makhleb
Nemelex Xobeh
Okawaru
Qazlal
Ru
Trog
Uskayaw
Wu Jian
Xom
Yredelemnul
Zin
The Shining One

Shops:
D:3 *   D:5 =

Annotations:
Temple 2 transporters


Innate Abilities, Weirdness & Mutations

You are immune to sickness and miasma.
You are immune to poison.
Your flesh is very heat resistant. (rF++)
You are vulnerable to cold. (rC-)
You float through the air rather than walking.
You learn spells naturally, not from books.
Your magical power is your life essence.
You have superior vitality. (+4 MHP)


Message History

Found a short sword.
Found 6 poisoned darts.
You now have 258 gold pieces (gained 11).
You see here 6 poisoned darts.
Found an escape hatch in the ceiling.
You can't see any susceptible monsters within range! (Use Z to cast anyway.)
You can't see any susceptible monsters within range! (Use Z to cast anyway.)
w - a wand of iceblast (11)
You can't see any susceptible monsters within range! (Use Z to cast anyway.)
An ogre comes into view. It is wielding a +0 giant spiked club.
The magic dart hits the ogre.
The ogre is lightly wounded.
The ogre shouts!
A centaur comes into view.
There are monsters nearby!
The magic dart hits the ogre.
The ogre is lightly wounded.
The centaur shouts!
The centaur wields a +0 orcbow.
The centaur shoots an arrow.
The arrow hits you!
There are monsters nearby!
The magic dart hits the ogre!
The ogre is moderately wounded.
The centaur shoots an arrow.
The arrow completely misses you.
The centaur shoots an arrow.
The arrow hits you!
The magic dart hits the ogre.
The ogre is heavily wounded.
The centaur shoots an arrow.
The arrow hits you!
You are too injured to fight recklessly!
Unknown command.
The centaur shoots an arrow.
The arrow barely misses you.
The centaur shoots an arrow.
The arrow hits you!
* * * LOW HITPOINT WARNING * * *
The centaur shoots an arrow.
The arrow misses you.
The centaur shoots an arrow.
The arrow hits you!
* * * LOW HITPOINT WARNING * * *
The centaur shoots an arrow.
The arrow barely misses you.
The centaur shoots an arrow.
The arrow misses you.
The centaur shoots an arrow.
The arrow hits you.
You die...

....# #...........#........# ..
....# #.†..................###..
....#####........................
....................c.........#..
...###..#...........###.......#..
.......##...........# #......##..
...........#.####...###....c.###.
....#######..####.#.##...........
....# #.......@............(...
....#####....[....#.#.........#..
....#.............#....).....##..
......##..........#..........##..
.............................###.
...##...................###### ##
..###................#### #
###....#..........#..#
..................#.##


You could see a centaur.

Vanquished Creatures
  An ogre (D:4)
  4 scorpions
  A bombardier beetle (D:5)
  2 jellies (D:4)
  3 orc priests
  3 hounds
  2 iguanas (D:5)
  An orc wizard (D:3)
  3 adders
  A white imp (D:5)
  5 dart slugs
  3 ribbon worms (D:2)
  12 orcs
  9 ball pythons
  6 bats
  9 endoplasms
  7 giant cockroaches
  7 goblins
  10 hobgoblins
  4 jackals (D:2)
  6 kobolds
  2 quokkas
  5 rats
106 creatures vanquished.

Notes
Turn   | Place    | Note
-------+----------+-------------------------------------------
     0 | D:1      | shadizar the Djinni Conjurer began the quest for the Orb.
     0 | D:1      | shadizar set off with the following spells memorised: Magic
                  | Dart, Searing Ray, Fulminant Prism, Iskenderun's Mystic
                  | Blast.
     0 | D:1      | Reached XP level 1. HP: 15/15 MP: 0/0
   203 | D:1      | Reached XP level 2. HP: 20/21 MP: 0/0
   321 | D:1      | Found a faded altar of an unknown god.
   524 | D:1      | Reached XP level 3. HP: 24/25 MP: 0/0
   524 | D:1      | Learned a level 1 spell: Sandblast
  1299 | D:2      | Reached XP level 4. HP: 31/31 MP: 0/0
  1859 | D:3      | Found Ekeu's General Store.
  2168 | D:3      | Reached skill level 5 in Spellcasting
  2168 | D:3      | Reached skill level 5 in Conjurations
  2168 | D:3      | Reached skill level 5 in Hexes
  2168 | D:3      | Reached skill level 5 in Summonings
  2168 | D:3      | Reached skill level 5 in Necromancy
  2168 | D:3      | Reached skill level 5 in Translocations
  2168 | D:3      | Reached skill level 5 in Fire Magic
  2168 | D:3      | Reached skill level 5 in Ice Magic
  2168 | D:3      | Reached skill level 5 in Air Magic
  2168 | D:3      | Reached skill level 5 in Earth Magic
  2168 | D:3      | Reached skill level 5 in Alchemy
  2168 | D:3      | Reached XP level 5. HP: 28/35 MP: 0/0
  2168 | D:3      | Learned a level 2 spell: Jinxbite
  2560 | D:4      | Reached XP level 6. HP: 38/40 MP: 0/0
  2586 | D:4      | Noticed an ogre
  2594 | D:4      | Killed an ogre
  2747 | D:4      | Reached XP level 7. HP: 34/45 MP: 0/0
  2747 | D:4      | Learned a level 2 spell: Blink
  2899 | D:4      | Found a staircase to the Ecumenical Temple.
  3496 | Temple   | Found a transporter.
  3496 | Temple   | Found a transporter.
  3496 | Temple   | Found a transporter.
  3496 | Temple   | Found a transporter.
  3496 | Temple   | Entered the Ecumenical Temple
  3513 | Temple   | Became a worshipper of Makhleb the Destroyer
  3559 | D:5      | Entered Level 5 of the Dungeon
  3869 | D:5      | Reached XP level 8. HP: 36/51 MP: 0/0
  3968 | D:5      | Reached skill level 1 in Fighting
  4140 | D:5      | Found Plog's Jewellery Shop.
  4245 | D:5      | Shot with an arrow by a centaur

Illustrated notes

Levels and vault maps discovered:
D:1:      erik_arrival_triangle_large, layout_basic,
          shapermc_ecumenical_altar_mp_urbaneastern, serial_rivers,
          chequers_serial_rivers_micro_c, chequers_serial_rivers_room_a,
          chequers_serial_rivers_large_b, chequers_serial_rivers_small_b,
          chequers_serial_rivers_micro_d, minmay_tromino_i4
D:2:      layout_loops_cross
D:3:      layout_loops_ring, serial_shops, shop
D:4:      layout_loops_cross, minmay_temple_entry_trees, st_stairs_3,
          hangedman_abyss_or_decor_stabs
D:5:      layout_rooms, grunt_temple_overflow_diamond, st_stairs_7,
          minmay_shop_enchanted_jewellery, hangedman_decor_riveting
Temple:   hellmonk_temple_divided_pantheon

Skill      XL: |  1  2  3  4  5  6  7  8 |
---------------+-------------------------+-----
Spellcasting   | 4 5 6 7 |  7.3
Conjurations   | 4 5 6 7 |  7.3
Hexes          | 4 5 6 7 |  7.3
Summonings     | 4 5 6 7 |  7.3
Necromancy     | 4 5 6 7 |  7.3
Translocations | 4 5 6 7 |  7.3
Fire Magic     | 4 5 6 7 |  7.3
Ice Magic      | 4 5 6 7 |  7.3
Air Magic      | 4 5 6 7 |  7.3
Earth Magic    | 4 5 6 7 |  7.3
Alchemy        | 4 5 6 7 |  7.3
Fighting       | 1 |  1.2
Stealth        | 2 |  2.1
Dodging        | |  2.7

Action                     |  1- 3 |  4- 6 |  7- 9 || total
---------------------------+-------+-------+-------++-------
   Cast: Magic Dart        |    90 |    87 |    86 ||   263
         Searing Ray       |       |     2 |       ||     2
         Iskenderun's Myst |       |     4 |    15 ||    19
 Armour: Robe              |    12 |    10 |    15 ||    37
  Dodge: Dodged            |    13 |     8 |     7 ||    28

Table legend: (Time is in decaauts)
 A = Elapsed time spent in this place.
 B = Non-inter-level travel time spent in this place.
 C = Inter-level travel time spent in this place.
 D = Time resting spent in this place.
 E = Time spent auto-exploring this place.
 F = Levels seen in this place.
 G = Mean time per level.
                   A        B        C        D        E       F      G
               +--------+--------+--------+--------+--------+-----+--------+
         Total |   4246 |   4094 |    152 |      0 |   3479 |   6 |  707.7 |
       Dungeon |   4211 |   4059 |    152 |      0 |   3479 |   5 |  842.2 |
        Temple |     34 |     34 |      0 |      0 |      0 |   1 |   34.0 |
               +--------+--------+--------+--------+--------+-----+--------+

Top non-repeatable levels by time:
     D:4: 1238 daAuts
     D:2: 966 daAuts
     D:1: 880 daAuts
     D:3: 649 daAuts
     D:5: 476 daAuts
  Temple: 34 daAuts
